 Dungeon Crawl Stone Soup version 0.27-a0-1083-gcf8293e1eb (webtiles) character file.

Game seed: 10007578156674084495

9 EnegeticOcto the Sneak (level 2, -1/27 HPs)
             Began as a Deep Dwarf Delver on Apr 26, 2021.
             Was an Initiate of Okawaru.
             Killed from afar by a white imp (5 damage)
             ... with a puff of frost
             ... on level 6 of the Dungeon.
             The game lasted 00:01:12 (214 turns).

EnegeticOcto the Sneak (Deep Dwarf Delver)           Turns: 214, Time: 00:01:13

Health: -1/27      AC:  3    Str: 15    XL:     2   Next: 3%
Magic:  2/2        EV: 12    Int: 10    God:    Okawaru [......]
Gold:   37         SH:  0    Dex: 14    Spells: 1/1 levels left

rFire    . . .     SeeInvis .   a - +0 hand axe
rCold    . . .     Faith    .   (no shield)
rNeg     . . .     Spirit   .   b - +0 leather armour
rPois    .         Reflect  .   (no helmet)
rElec    .         Harm     .   (no cloak)
rCorr    .         Rampage  .   (no gloves)
Will     .....                  (no boots)
Stlth    +++.......             (no amulet)
HPRegen  0.00/turn              (no ring)
MPRegen  0.08/turn              (no ring)

@: non-regenerating
A: damage resistance, heal wounds, sense surroundings 1, no regeneration
a: Heal Wounds, Renounce Religion


You were on level 6 of the Dungeon.
You worshipped Okawaru.
Okawaru was noncommittal.
You visited 2 branches of the dungeon, and saw 4 of its levels.

You collected 37 gold pieces.

Inventory:

Hand Weapons
 a - a +0 hand axe (weapon)
Armour
 b - a +0 leather armour (worn)
 h - a scarf of harm
   (You found it on level 5 of the Dungeon)
Wands
 g - a wand of digging (3) {@v3}
Scrolls
 c - a scroll of fog {!r}
 d - 2 scrolls of magic mapping {@r5 !r}
 e - a scroll of fear {!r}
 i - 2 scrolls of identify {unknown}
Potions
 f - a potion of haste {@q4 !q}


   Skills:
 - Level 2.6 Fighting
 + Level 3.1 Axes
 - Level 2.1 Dodging
 - Level 6.0 Stealth


You had one spell level left.
You didn't know any spells.
Your spell library was empty.

Dungeon Overview and Level Annotations

Branches:
Dungeon (6/15)             Temple (1/1) D:5

Altars:
Ashenzari
Okawaru
Qazlal
Sif Muna


Innate Abilities, Weirdness & Mutations

You are resistant to damage.
You can heal yourself by infusing magical energy.
You passively map a small area around you.
You do not regenerate.


Message History

You climb downwards.
Welcome to the Ecumenical Temple!
There is a staircase back to the Dungeon here.
Found a broken altar of Ashenzari.
Found an iron altar of Okawaru.
Found a shimmering blue altar of Sif Muna.
Found a stormy altar of Qazlal.
There is an iron altar of Okawaru here.
You kneel at the altar of Okawaru.
Okawaru welcomes you!
There is a staircase back to the Dungeon here.
You climb upwards.
There is a staircase to the Ecumenical Temple here.
As you open the door, it creaks loudly!
Found a flail and a scroll labelled IDILASY CAFYON.
There is an open door here.
You see here a +0 flail.
i - a scroll labelled IDILASY CAFYON
Found a scroll labelled IDILASY CAFYON.
i - 2 scrolls labelled IDILASY CAFYON (gained 1)
You open the door.
Found 11 gold pieces.
There is an open door here.
Found a stone staircase leading down.
You now have 11 gold pieces.
You open the door.
Found 11 gold pieces.
There is an open door here.
You now have 22 gold pieces (gained 11).
There is an open door here.
You open the door.
Found a stone staircase leading up.
There is an open door here.
There is a stone staircase leading up here.
You climb upwards.
An adder comes into view.
Found a scroll of magic mapping.
There is a stone staircase leading down here.
You barely miss the adder. The adder closely misses you.
You closely miss the adder. The adder bites you.
You are poisoned.
The adder poisons you! The adder closely misses you.
You barely miss the adder. The adder closely misses you.
The adder barely misses you.
You closely miss the adder. The adder bites you.
You closely miss the adder.
You are no longer poisoned.
The adder misses you. The adder bites you but does no damage.
You hit the adder.
The adder is heavily wounded.
The adder barely misses you.
You hit the adder.
The adder is severely wounded.
The adder closely misses you. The adder bites you.
You hit the adder.
You kill the adder!
Okawaru accepts your kill.
Your Axes skill increases to level 3!
You have reached level 2!
d - 2 scrolls of magic mapping {@r5 !r} (gained 1)
(D) Dungeon (T) Temple
Where to? (Enter - Temple @ (x,y), ? - help)
There is a stone staircase leading down here.
You climb downwards.
There is a stone staircase leading up here.
You open the door.
There is an open door here.
(D) Dungeon (T) Temple
Where to? (Enter - D:5, ? - help)
There is an open door here.
There is a stone staircase leading down here.
You climb downwards.
Found a ring mail.
There is a stone staircase leading up here.
Found a stone staircase leading down.
You see here a +0 ring mail.
Found a stone staircase leading up.
Found 15 gold pieces.
You now have 37 gold pieces (gained 15).
A white imp comes into view.
Found a trident.
The helpless white imp fails to defend itself.
You hit the white imp but do no damage. The white imp barely misses you.
You barely miss the white imp.
The white imp hits you but does no damage.
You hit the white imp.
The white imp is lightly wounded.
The white imp barely misses you.
You completely miss the white imp.
The white imp is lightly wounded.
The white imp hits you. The white imp freezes you.
You hit the white imp but do no damage.
The white imp is lightly wounded.
The white imp gestures at you. The puff of frost hits you!
* * * LOW HITPOINT WARNING * * *
You completely miss the white imp.
The white imp is lightly wounded.
The white imp gestures at you. The puff of frost hits you!
You die...

.##.#.#.....#..#...# ,
....#.#...#.#..#...### *
.##.#.#...#.#..#.....+
.##.#.#............###..,
,
........................
,,
..[...#.#.###..#.#.#####
###.....### #..#.#,#
#####.# #.##.# * , , #.#
#.##@# * #.# #...5# * *
#.# #.##.# ,,, * , #.#
#.##.# * , , #.##.) ,, ,
, ### ,, , , , , , * * ,*
,


You could see a white imp.

Vanquished Creatures
  An adder (D:4)
1 creature vanquished.

Notes
Turn   | Place    | Note
-------+----------+-------------------------------------------
     0 | D:5      | EnegeticOcto the Deep Dwarf Delver began the quest for the
                  | Orb.
     0 | D:5      | Reached XP level 1. HP: 20/20 MP: 1/1
    11 | D:5      | Found a staircase to the Ecumenical Temple.
    21 | Temple   | Entered the Ecumenical Temple
    39 | Temple   | Became a worshipper of Warmaster Okawaru
   151 | D:4      | Reached skill level 3 in Axes
   151 | D:4      | Reached XP level 2. HP: 18/27 MP: 2/2
   214 | D:6      | Killed from afar by a white imp

Illustrated notes

Levels and vault maps discovered:
D:4:      layout_loops_ring, nicolae_uskayaw_suspiria
D:5:      layout_loops_corners, minmay_temple_entry_drinking_statues,
          chequers_serial_rivers_small_b, uniq_edmund
D:6:      layout_basic, grunt_temple_overflow_diamond,
          nicolae_dithmenos_the_darkroom, serial_shops, shop
Temple:   jpeg_temple_clearing

Skill      XL: |  1 |
---------------+----+-----
Axes           | 3 |  3.1
Fighting       | |  2.6
Dodging        | |  2.1
Stealth        | |  6.0

Action                   || total
-------------------------++-------
Melee: Hand axe          ||    14
 Stab: Sleeping          ||     1
Armor: Leather armour    ||     2
Dodge: Dodged            ||     9

Table legend: (Time is in decaauts)
 A = Elapsed time spent in this place.
 B = Non-inter-level travel time spent in this place.
 C = Inter-level travel time spent in this place.
 D = Time resting spent in this place.
 E = Time spent auto-exploring this place.
 F = Levels seen in this place.
 G = Mean time per level.
                   A        B        C        D        E       F      G
               +--------+--------+--------+--------+--------+-----+--------+
         Total |    216 |    184 |     32 |      0 |      0 |   4 |   54.0 |
       Dungeon |    180 |    165 |     15 |      0 |      0 |   3 |   60.0 |
        Temple |     36 |     19 |     17 |      0 |      0 |   1 |   36.0 |
               +--------+--------+--------+--------+--------+-----+--------+

Top non-repeatable levels by time:
     D:5: 125 daAuts
  Temple: 36 daAuts
     D:6: 30 daAuts
     D:4: 24 daAuts
